 Dungeon Crawl Stone Soup version 0.31-a0-23-gcbde74481b (webtiles) character file.

Game seed: 5572900880929328452

23 BlueFish the Sneak (level 2, -5/26 HPs)
             Began as a Draconian Delver on May 13, 2023.
             Slain by a goblin
             ... wielding a +0 club
             ... led by Robin
              (6 damage)
             ... on level 3 of the Dungeon.
             The game lasted 00:01:38 (462 turns).

BlueFish the Sneak (Draconian Delver)                Turns: 462, Time: 00:01:38

Health: -5/26      AC:  4    Str: 14    XL:     2   Next: 75%
Magic:  0/2        EV: 12    Int: 10    God:
Gold:   8          SH:  0    Dex: 12    Spells: 1/1 levels left

rFire   . . .        a - +0 short sword
rCold   . . .        (no shield)
rNeg    . . .        (body armour unavailable)
rPois   .            (helmet restricted)
rElec   .            (no cloak)
rCorr   .            (no gloves)
SInv    .            (no boots)
Will    .....        (no amulet)
Stlth   +++          (no ring)
HPRegen 0.24/turn    (no ring)
MPRegen 0.08/turn

%: no passive effects
@: attractive, flying
A: AC +4, unfitting armour, cold-blooded, big wings, MP-powered wands
a: no special abilities


You were on level 3 of the Dungeon.
You visited 1 branch of the dungeon, and saw 3 of its levels.

You collected 8 gold pieces.

Inventory:

Hand Weapons
 a - a +0 short sword (weapon)
Wands
 f - a wand of digging (2)
Scrolls
 b - a scroll of fog
 c - a scroll of magic mapping
 d - 2 scrolls of fear
 h - 2 scrolls of teleportation {unknown}
 i - a scroll of immolation {unknown}
 j - 3 scrolls of identify {unknown}
 k - a scroll of vulnerability {unknown}
Potions
 e - a potion of haste
 g - a potion of mutation


   Skills:
 + Level 3.5 Fighting
 + Level 2.3 Short Blades
 + Level 2.1 Dodging
 + Level 4.7 Stealth
 + Level 0.9 Evocations


You had one spell level left.
You didn't know any spells.
Your spell library was empty.

Dungeon Overview and Level Annotations

Branches:
Dungeon (5/15)
 Temple: D:4-7

Altars:

Annotations:
D:3 Robin


Innate Abilities, Weirdness & Mutations

Your plain brown scales are hard. (AC +4)
You cannot fit into any form of body armour.
You are cold-blooded and may be slowed by cold attacks.
Your large and strong wings let you fly.
You expend magic power (3 MP) to strengthen your wands.


Message History

You hit the goblin but do no damage.
Robin roars a battlecry!
The goblins go into a battle-frenzy!
The hobgoblin closely misses you. The goblin barely misses you.
You barely miss the goblin.
Your tail-slap misses the goblin.
The hobgoblin misses you. The goblin hits you but does no damage.
You hit the goblin but do no damage. The goblin hits you with a +0 dagger.
* * * LOW HITPOINT WARNING * * *
The hobgoblin hits you.
* * * LOW HITPOINT WARNING * * *
You hit the goblin.
The goblin is heavily wounded.
The goblin misses you. The hobgoblin barely misses you.
You hit the goblin.
You kill the goblin!
The hobgoblin no longer looks unusually strong.
The hobgoblin hits you but does no damage.
Robin roars a battlecry!
The goblins go into a battle-frenzy!
You hit the goblin.
The goblin is heavily wounded.
The goblin hits you with a +0 club.
* * * LOW HITPOINT WARNING * * *
The hobgoblin misses you.
Robin says, "Bow before me, strongest of all the hobgoblins!"
It was a potion of mutation.
You feel extremely strange.
You feel your magical essence link to the dungeon's wands.
Your wings grow larger and stronger.
The goblin barely misses you. The hobgoblin hits you.
* * * LOW HITPOINT WARNING * * *
It was a potion of attraction.
You feel attractive to monsters. The goblin hits you with a +0 club.
* * * LOW HITPOINT WARNING * * *
The hobgoblin barely misses you.
Aiming: Dig
Press: ? - help, Shift-Dir - straight line A rock wall.
The rock shatters into small pieces.
The goblin hits you with a +0 club.
You die...

.. ##. ...# ##
.#..# ..
.#...######.##...
g.#
##!...SJ.@gK.....
..#.
S.....gg#g#.##...
.....
##..###.#.#.# g..
.# ##g#.#..##


gg. # #..#.# #.# #.# #. #g##.#.#..#g# ### #.##.#.#.#.######
....###.##.#...g........ ........# ###.#.####### You could see Robin, an
endoplasm, a hobgoblin (strong), 2 goblins, a ball python and a kobold.

Vanquished Creatures
  2 ufetubi (D:5)
  An endoplasm (D:3)
  4 goblins (D:3)
  2 hobgoblins (D:3)
  2 jackals (D:3)
  A bat (D:3)
12 creatures vanquished.

Notes
Turn   | Place    | Note
-------+----------+-------------------------------------------
     0 | D:5      | BlueFish the Draconian Delver began the quest for the Orb.
     0 | D:5      | Reached XP level 1. HP: 19/19 MP: 1/1
   157 | D:5      | Reached XP level 2. HP: 2/26 MP: 2/2
   403 | D:3      | Noticed Robin
   460 | D:3      | Gained mutation: You expend magic power (3 MP) to
                  | strengthen your wands. [potion of mutation]
   460 | D:3      | Gained mutation: Your large and strong wings let you fly.
                  | [potion of mutation]
   461 | D:3      | HP: 1/26 [goblin/+0 club[Robin] (2)]
   462 | D:3      | Slain by a goblin

Illustrated notes

Levels and vault maps discovered:
D:3:      layout_loops_ring, mainiacjoe_overflow_large_starburst, uniq_robin
D:4:      layout_loops_ring, uniq_natasha
D:5:      layout_loops_ring, fiery_altar_vehumet,
          nicolae_qazlal_general_emergency, corexii_hall_statues_x

Skill      XL: |  1 |
---------------+----+-----
Dodging        | 2 |  2.1
Fighting       | |  3.5
Short Blades   | |  2.3
Stealth        | |  4.7
Evocations     | |  0.9

Action                     || total
---------------------------++-------
  Melee: Short sword       ||    74
         Tailslap          ||     7
  Evoke: Wand              ||     1
    Use: Potion            ||     2
 Armour: Skin              ||    40
  Dodge: Dodged            ||    85

Table legend: (Time is in decaauts)
 A = Elapsed time spent in this place.
 B = Non-inter-level travel time spent in this place.
 C = Inter-level travel time spent in this place.
 D = Time resting spent in this place.
 E = Time spent auto-exploring this place.
 F = Levels seen in this place.
 G = Mean time per level.
                   A        B        C        D        E       F      G
               +--------+--------+--------+--------+--------+-----+--------+
         Total |    455 |    455 |      0 |    107 |    129 |   3 |  151.7 |
       Dungeon |    455 |    455 |      0 |    107 |    129 |   3 |  151.7 |
               +--------+--------+--------+--------+--------+-----+--------+

Top non-repeatable levels by time:
     D:5: 289 daAuts
     D:3: 149 daAuts
     D:4: 16 daAuts
